 Dungeon Crawl Stone Soup version bcrawl-1.22 (webtiles) character file.

Game seed: 6773614995592791804

24491 pasperui the Nimble (level 13, -8/154 HPs)
             Began as a Gnoll Reaver on May 11, 2020.
             Was a High Priest of Vehumet.
             Mangled by a cane toad (25 damage)
             ... on level 3 of the Lair of Beasts.
             The game lasted 01:16:11 (14397 turns).

pasperui the Nimble (Gnoll Reaver)                 Turns: 14397, Time: 01:16:11

Health: -8/154     AC:  0    Str: 22    XL:     13   Next: 13%
Magic:  26/26      EV: 21    Int: 19    God:    Vehumet [*****.]
Gold:   909        SH:  4    Dex: 13    Spells: 3/30 levels left

rFire    . . .     SeeInvis +     - Unarmed
rCold    . . .     Gourm    .   (shield currently unavailable)
rNeg     . . .     Faith    .   (armour currently unavailable)
rPois    .         Spirit   .   (helmet currently unavailable)
rElec    .         Reflect  +   (cloak currently unavailable)
rCorr    .         Harm     .   (gloves currently unavailable)
MR       .....                  (boots currently unavailable)
Stlth    ..........             Z - +4 amulet of reflection
HPRegen  0.35/turn              (ring currently unavailable)
MPRegen  0.20/turn              (ring currently unavailable)

@: berserking (expiring), pig-form, slowed, very quick
A: small, distributed training, see invisible, blink, strong nose
a: Blink, Renounce Religion


You were on level 3 of the Lair of Beasts.
You worshipped Vehumet.
Vehumet was extremely pleased with you.
You were hungry.
You were a filthy swine.
You visited 3 branches of the dungeon, and saw 15 of its levels.

You collected 1062 gold pieces.
You spent 153 gold pieces at shops.

Inventory:

Hand Weapons
 a - a +4 great sword
 o - a +1 great sword of protection
 r - a +1 spear of piercing
 V - the cursed +4 dagger "Morg" {pain, MR+ Int+12 *Curse}
   (You found it on level 8 of the Dungeon)

   In the hands of one skilled in necromantic magic, it inflicts extra damage on
   living creatures.
   It affects your intelligence (+12).
   It affects your resistance to hostile enchantments.
   It curses itself when equipped.
   It has a curse placed upon it.
 X - the +11 mace of Vodka (melded) {flame, MP+9 Int+4}
   (You found it on level 8 of the Dungeon)

   It has been specially enchanted to burn those struck by it, causing extra
   injury to most foes and up to half again as much damage against particularly
   susceptible opponents.
   It affects your intelligence (+4).
   It affects your magic capacity (+9).
Missiles
 k - 72 poisoned tomahawks (quivered)
 l - 1776 stones
 q - 98 javelins
 v - 1090 arrows
 C - 1177 sling bullets
Armour
 b - +0 steam dragon scales (melded)
 f - the +1 plate armour of Xom's Indignation {+Blink Int+3, unknown}
   (You found it on level 2 of the Lair of Beasts)

   It affects your intelligence (+3).
   It lets you blink.
 m - a +1 robe of fire resistance
 B - a scarf of spirit shield (melded)
 J - a +2 pair of gloves of dexterity (melded)
 L - a +0 pair of boots (melded)
 O - a +2 chain mail of fire resistance
 Q - a +0 helmet (melded)
Magical Staves
 F - an uncursed staff of summoning
Jewellery
 c - a +4 ring of strength (melded)
 n - an uncursed amulet of magic regeneration
 w - an uncursed ring of ice
 z - an uncursed ring of positive energy {unknown}
 R - a +3 ring of dexterity
 S - a +4 ring of evasion (melded)
 Z - a +4 amulet of reflection (around neck)
Wands
 s - a wand of digging (8)
 t - a wand of acid (7)
 G - a wand of flame (23)
 H - a wand of iceblast (38)
 Y - a wand of clouds (5)
Scrolls
 g - 4 scrolls of remove curse
 h - 2 scrolls of amnesia
 j - a scroll of fear {unknown}
 p - 3 scrolls of blinking
 u - a scroll of enchant armour {unknown}
 x - 2 scrolls of magic mapping
 y - a scroll of enchant weapon {unknown}
 D - a scroll of acquirement {unknown}
 I - a scroll of identify
 P - 7 scrolls of teleportation
 U - a scroll of vulnerability {unknown}
Potions
 d - a potion of berserk rage
 i - 2 potions of magic
 A - 2 potions of haste
 E - 3 potions of flight
 K - a potion of ambrosia {unknown}
 T - 2 potions of agility
 W - 2 potions of curing
Miscellaneous
 M - a phial of floods
Comestibles
 e - 25 rations {!d}


   Skills:
 + Level 10.2 Fighting
 + Level 7.9 Short Blades
 + Level 10.2 Long Blades
 + Level 7.9 Axes
 + Level 7.9 Maces & Flails
 + Level 7.9 Polearms
 + Level 7.9 Staves
 + Level 7.9 Slings
 + Level 7.9 Bows
 + Level 7.9 Crossbows
 + Level 7.9 Throwing
 + Level 7.9 Armour
 + Level 10.2 Dodging
 + Level 7.9 Stealth
 + Level 7.9 Shields
 + Level 7.9 Unarmed Combat
 + Level 9.4 Spellcasting
 + Level 6.5 Conjurations
 + Level 6.5 Hexes
 + Level 6.5 Charms
 + Level 6.5 Summonings
 + Level 6.5 Necromancy
 + Level 6.5 Translocations
 + Level 6.5 Transmutations
 + Level 6.5 Fire Magic
 + Level 6.5 Ice Magic
 + Level 6.5 Air Magic
 + Level 6.5 Earth Magic
 + Level 6.5 Poison Magic
 + Level 8.6 Invocations
 + Level 7.9 Evocations


You had 3 spell levels left.
You knew the following spells:

 Your Spells              Type           Power        Failure   Level  Hunger
a - Sandblast             Erth           ####..       1%          1    None
b - Iskenderun's Battles  Conj/Chrm      ####....     4%          5    #####..
c - Mephitic Cloud        Conj/Pois/Air  ####....     1%          3    None
d - Airstrike             Air            ####......   1%          4    ###....
e - Summon Scorpions      Summ/Pois      ####....     5%          4    ###....
f - Venom Bolt            Conj/Pois      ####......   4%          5    #####..
g - Lee's Rapid Deconstr  Erth           ####......   4%          5    #####..

Your spell library contained the following spells:

 Spells                   Type           Power        Failure   Level  Hunger
 Beastly Appendage        Tmut           ####..       1%          1    None
 Infusion                 Chrm           ####....     1%          1    None
 Sting                    Conj/Pois      ####         1%          1    None
 Poisonous Vapours        Pois/Air       ####..       1%          2    None
 Song of Slaying          Chrm           ####....     1%          2    None
 Sticks to Snakes         Tmut           ####....     1%          2    None
 Ignite Poison            Fire/Tmut/Pois ####....     1%          3    None
 Ozocubu's Armour         Chrm/Ice       ####....     1%          3    None
 Regeneration             Chrm/Necr      ####......   1%          3    None
 Spectral Weapon          Hex/Chrm       ####....     1%          3    None
 Spider Form              Tmut/Pois      ###          1%          3    None
 Olgreb's Toxic Radiance  Pois           ####.....    1%          4    ###....
 Ice Form                 Ice/Tmut       ####....     5%          4    ###....
 Blade Hands              Tmut           ####......   16%         5    #####..


Dungeon Overview and Level Annotations

Branches:
Dungeon (11/12)            Temple (1/1) D:5            Lair (3/6) D:8
  Swamp (0/3) Lair:2       Spider (0/3) Lair:2          Orc (0/1) D:9
 Vaults (0/3) D:11

Altars:
Fedhas
Gozag
Makhleb
Nemelex Xobeh
Ru
Sif Muna
Trog
Wu Jian
Yredelemnul
Beogh

Shops:
D:6 :=*   D:8 [   D:10 ?   D:11 ?

Annotations:
Lair:3 Kirke


Innate Abilities, Weirdness & Mutations

Your experience applies equally to all skills.
((You have very sharp teeth.))
Your uncanny sense of smell can sniff out nearby items.
((You have large cloven feet.))
((You are partially covered in thin metallic scales. (AC +2)))
You have supernaturally acute eyesight. (SInv)
You can translocate small distances at will.


Message History

Kirke gestures wildly while chanting.
Kirke summons a lindwurm!
You hit Kirke.
Kirke is heavily wounded.
The cane toad hits you.
* * * LOW HITPOINT WARNING * * *
You bite Kirke!
Kirke is heavily wounded.
You block the cane toad's attack. Kirke casts a spell at you.
You barely miss Kirke.
Kirke is heavily wounded.
The cane toad hits you!!
* * * LOW HITPOINT WARNING * * *
Kirke casts a spell at you.
You struggle to resist.
You bite Kirke!
Kirke is severely wounded.
The cane toad hits you!!
You die...

.. #... ..## ##...
####+###### ###..###
......$...# ###......###.
..........####P...........
...†........F#........P#
......†...'k@h.P..<...#
..........########..###
..........# ##.#
##.####...# ## # ...###
#.#.# .##.. ...


You could see Kirke, a lindwurm and a cane toad.

Vanquished Creatures
  An ironheart preserver (D:11)
  A catoblepas (D:11)
  Psyche (D:10)
  A hydra (D:7)
  An unseen horror (D:11)
  2 cyclopes
  Pikel (D:4)
  2 manticores
  An ugly thing (D:11)
  4 centaur zombies (D:9)
  6 elephants (Lair:2)
  6 cane toads
  A rime drake (Lair:3)
  A yaktaur (D:9)
  2 hellwings (D:8)
  A troll (D:11)
  A hornet (D:7)
  3 meliai (D:11)
  Grinder (D:5)
  A bog body (Lair:2)
  Prince Ribbit (D:9)
  A meliai zombie (D:9)
  3 hippogriffs
  A shadow (D:11)
  18 yaks
  A wraith (D:11)
  2 wyverns
  2 basilisks
  A hungry ghost (D:8)
  3 hogs (Lair:3)
  Eustachio (D:6)
  Edmund (D:5)
  A water moccasin (Lair:2)
  2 crocodiles
  7 porcupines
  6 orc warriors
  An ice beast (D:8)
  2 sky beasts
  A slave (D:4)
  2 black bears
  2 phantoms
  2 ogres
  3 wolves (Lair:2)
  5 boggarts (D:11)
  2 centaurs (D:7)
  A centaur (shapeshifter) (D:8)
  10 bullfrogs
  Blork the orc (D:5)
  A wyvern zombie (D:8)
  3 scorpions
  A killer bee (D:11)
  5 wights
  4 crimson imps
  3 hounds
  A jelly (D:8)
  2 quasits
  5 orc priests
  3 centaur skeletons
  5 orc wizards
  4 iguanas
  Terence (D:3)
  4 worker ants
  A hound skeleton (D:6)
  A worker ant zombie (D:7)
  12 adders
  7 gnolls (D:6)
  5 shadow imps
  An adder skeleton (D:7)
  2 adder zombies
  7 worms
  4 dart slugs
  5 leopard geckos
  28 orcs
  2 giant cockroaches
  7 goblins
  5 hobgoblins
  9 jackals
  7 kobolds
  3 quokkas
  2 ball pythons
  6 bats
  A frilled lizard (D:3)
  A leopard gecko skeleton (D:4)
  3 rats
282 creatures vanquished.

Vanquished Creatures (collateral kills)
  A centaur skeleton (D:11)
  A hungry ghost (D:11)
  An eye of draining (D:11)
3 creatures vanquished.

Vanquished Creatures (others)
  A phantom (D:4)
  2 fungi (Lair:2)
  2 plants
5 creatures vanquished.

Grand Total: 290 creatures vanquished

Notes
Turn   | Place    | Note
-------+----------+-------------------------------------------
     0 | D:1      | pasperui the Gnoll Reaver began the quest for the Orb.
     0 | D:1      | Reached XP level 1. HP: 23/23 MP: 6/6
    70 | D:1      | Reached XP level 2. HP: 11/29 MP: 7/7
   405 | D:1      | Reached XP level 3. HP: 35/35 MP: 9/9
   408 | D:1      | Reached * piety under Vehumet
   408 | D:1      | Offered knowledge of Freeze by Vehumet.
   435 | D:1      | Reached skill level 5 in Spellcasting
   808 | D:1      | Reached skill level 1 in Invocations
   904 | D:2      | Reached skill level 1 in Short Blades
   904 | D:2      | Reached skill level 1 in Axes
   904 | D:2      | Reached skill level 1 in Maces & Flails
   904 | D:2      | Reached skill level 1 in Polearms
   904 | D:2      | Reached skill level 1 in Staves
   904 | D:2      | Reached skill level 1 in Slings
   904 | D:2      | Reached skill level 1 in Bows
   904 | D:2      | Reached skill level 1 in Crossbows
   904 | D:2      | Reached skill level 1 in Throwing
   904 | D:2      | Reached skill level 1 in Armour
   904 | D:2      | Reached skill level 1 in Stealth
   904 | D:2      | Reached skill level 1 in Shields
   904 | D:2      | Reached skill level 1 in Unarmed Combat
   904 | D:2      | Reached skill level 1 in Evocations
   904 | D:2      | Reached XP level 4. HP: 35/41 MP: 11/11
  1277 | D:3      | Reached skill level 1 in Conjurations
  1277 | D:3      | Reached skill level 1 in Hexes
  1277 | D:3      | Reached skill level 1 in Charms
  1277 | D:3      | Reached skill level 1 in Summonings
  1277 | D:3      | Reached skill level 1 in Necromancy
  1277 | D:3      | Reached skill level 1 in Translocations
  1277 | D:3      | Reached skill level 1 in Transmutations
  1277 | D:3      | Reached skill level 1 in Fire Magic
  1277 | D:3      | Reached skill level 1 in Ice Magic
  1277 | D:3      | Reached skill level 1 in Air Magic
  1277 | D:3      | Reached skill level 1 in Earth Magic
  1277 | D:3      | Reached skill level 1 in Poison Magic
  1292 | D:3      | Reached XP level 5. HP: 24/47 MP: 12/12
  1889 | D:3      | Reached ** piety under Vehumet
  1889 | D:3      | Offered knowledge of Sandblast by Vehumet.
  1908 | D:3      | Noticed Terence
  1941 | D:3      | Killed Terence
  2055 | D:3      | Learned a level 1 spell: Sandblast
  2061 | D:3      | Reached XP level 6. HP: 39/53 MP: 0/13
  2314 | D:4      | Noticed a slave
  2314 | D:4      | Noticed a slave
  2383 | D:4      | Noticed a slave
  2384 | D:4      | Noticed a slave
  2385 | D:4      | Noticed Pikel
  2413 | D:4      | Killed a slave
  2618 | D:4      | Killed Pikel
  2618 | D:4      | Reached XP level 7. HP: 35/60 MP: 4/15
  3017 | D:4      | Found a blossoming altar of Fedhas.
  3087 | D:5      | Entered Level 5 of the Dungeon
  3127 | D:5      | Noticed Blork the orc
  3140 | D:5      | Killed Blork the orc
  3245 | D:5      | Learned a level 5 spell: Iskenderun's Battlesphere
  3262 | D:5      | Noticed Grinder
  3286 | D:5      | Killed Grinder
  3286 | D:5      | Reached XP level 8. HP: 58/67 MP: 7/16
  3456 | D:5      | Noticed Edmund
  3959 | D:5      | Found a staircase to the Ecumenical Temple.
  3968 | Temple   | Entered the Ecumenical Temple
  4106 | D:5      | Killed Edmund
  4569 | D:6      | Found Ephiucre's Book Shoppe.
  4734 | D:6      | Offered knowledge of Mephitic Cloud by Vehumet.
  4832 | D:6      | Learned a level 3 spell: Mephitic Cloud
  4891 | D:6      | Found a shimmering blue altar of Sif Muna.
  4997 | D:6      | Found Onattid's Jewellery Shoppe.
  5022 | D:6      | Found Rogaf's General Store.
  5027 | D:6      | Noticed Eustachio
  5056 | D:6      | Bought a scroll of teleportation for 33 gold pieces
  5076 | D:6      | Reached *** piety under Vehumet
  5211 | D:6      | Killed Eustachio
  5211 | D:6      | Reached XP level 9. HP: 61/72 MP: 6/18
  5541 | D:7      | Noticed a hornet
  5628 | D:7      | Noticed an eight-headed hydra
  5870 | D:7      | Killed a hornet
  5896 | D:7      | Gained mutation: You have large cloven feet. [potion of
                  | mutation]
  5896 | D:7      | Gained mutation: You are partially covered in thin metallic
                  | scales. (AC +2) [potion of mutation]
  5896 | D:7      | Gained mutation: You can translocate small distances at
                  | will. [potion of mutation]
  5896 | D:7      | Gained mutation: You have supernaturally acute eyesight.
                  | (SInv) [potion of mutation]
  6129 | D:7      | Found a sacrificial altar of Ru.
  6377 | D:8      | Noticed an unseen horror
  6417 | D:8      | Noticed a skeletal warrior
  6747 | D:7      | Offered knowledge of Airstrike by Vehumet.
  6815 | D:7      | Learned a level 4 spell: Airstrike
  6828 | D:7      | Found a basalt altar of Yredelemnul.
  6939 | D:7      | Reached skill level 5 in Invocations
  7057 | D:7      | Found a sparkling altar of Nemelex Xobeh.
  7057 | D:7      | Found a bloodstained altar of Trog.
  7061 | D:7      | Found an ornate altar of the Wu Jian Council.
  7158 | D:8      | Found the cursed +4 dagger "Morg" {pain, MR+ Int+12 *Curse}
  7176 | D:8      | Found a burning altar of Makhleb.
  7224 | D:8      | Noticed a meliai
  7245 | D:8      | Reached XP level 10. HP: 80/80 MP: 15/20
  7362 | D:8      | Found Myetwiy's Armour Shop.
  7517 | D:8      | Found a staircase to the Lair.
  7675 | D:8      | Got a scorched mace
  7677 | D:8      | Identified the +11 mace of Vodka {flame, MP+9 Int+4} (You
                  | found it on level 8 of the Dungeon)
  7818 | D:8      | Reached skill level 5 in Short Blades
  7818 | D:8      | Reached skill level 5 in Axes
  7818 | D:8      | Reached skill level 5 in Maces & Flails
  7818 | D:8      | Reached skill level 5 in Polearms
  7818 | D:8      | Reached skill level 5 in Staves
  7818 | D:8      | Reached skill level 5 in Slings
  7818 | D:8      | Reached skill level 5 in Bows
  7818 | D:8      | Reached skill level 5 in Crossbows
  7818 | D:8      | Reached skill level 5 in Throwing
  7818 | D:8      | Reached skill level 5 in Armour
  7818 | D:8      | Reached skill level 5 in Stealth
  7818 | D:8      | Reached skill level 5 in Shields
  7818 | D:8      | Reached skill level 5 in Unarmed Combat
  7818 | D:8      | Reached skill level 5 in Evocations
  8241 | D:7      | Killed an eight-headed hydra
  8245 | D:7      | Reached **** piety under Vehumet
  9224 | D:9      | Offered knowledge of Conjure Flame by Vehumet.
  9230 | D:9      | Reached XP level 11. HP: 86/87 MP: 22/22
  9233 | D:9      | Noticed Prince Ribbit
  9257 | D:9      | Killed Prince Ribbit
  9290 | D:9      | Learned a level 4 spell: Summon Scorpions
  9397 | D:9      | Noticed a manticore
  9411 | D:9      | Killed a manticore
  9671 | D:9      | Found an opulent altar of Gozag.
  9739 | D:9      | Found a staircase to the Orcish Mines.
  9750 | D:9      | Found a roughly hewn altar of Beogh.
  9759 | D:9      | Reached skill level 5 in Conjurations
  9759 | D:9      | Reached skill level 5 in Hexes
  9759 | D:9      | Reached skill level 5 in Charms
  9759 | D:9      | Reached skill level 5 in Summonings
  9759 | D:9      | Reached skill level 5 in Necromancy
  9759 | D:9      | Reached skill level 5 in Translocations
  9759 | D:9      | Reached skill level 5 in Transmutations
  9759 | D:9      | Reached skill level 5 in Fire Magic
  9759 | D:9      | Reached skill level 5 in Ice Magic
  9759 | D:9      | Reached skill level 5 in Air Magic
  9759 | D:9      | Reached skill level 5 in Earth Magic
  9759 | D:9      | Reached skill level 5 in Poison Magic
  9785 | D:9      | Learned a level 5 spell: Venom Bolt
  9922 | D:10     | Entered Level 10 of the Dungeon
 10057 | D:10     | Noticed Psyche
 10063 | D:10     | Noticed a cyclops
 10075 | D:10     | Killed a cyclops
 10083 | D:10     | Found Couxyen's Magic Scroll Emporium.
 10121 | D:10     | Killed Psyche
 10395 | D:10     | Bought a scroll of teleportation for 42 gold pieces
 11226 | D:11     | Noticed a catoblepas
 11249 | D:11     | Killed a catoblepas
 11289 | D:11     | Reached XP level 12. HP: 85/96 MP: 24/24
 11333 | D:11     | Noticed a two-headed ogre
 11355 | D:11     | Noticed a centaur warrior
 11733 | D:11     | Found a gate to the Vaults.
 11733 | D:11     | Noticed an ironheart preserver
 11756 | D:11     | Killed an ironheart preserver
 12425 | D:11     | Found Ydi Usot's Magic Scroll Emporium.
 12449 | D:11     | Bought a scroll of teleportation for 39 gold pieces
 12449 | D:11     | Bought a scroll of teleportation for 39 gold pieces
 12645 | Lair:1   | Entered Level 1 of the Lair of Beasts
 13218 | Lair:2   | Found a staircase to the Swamp.
 13269 | Lair:2   | Reached ***** piety under Vehumet
 13281 | Lair:2   | Offered knowledge of Lee's Rapid Deconstruction by Vehumet.
 13619 | Lair:2   | Reached skill level 10 in Fighting
 13619 | Lair:2   | Reached skill level 10 in Long Blades
 13619 | Lair:2   | Reached skill level 10 in Dodging
 13845 | Lair:2   | Reached XP level 13. HP: 103/103 MP: 26/26
 13895 | Lair:2   | Learned a level 5 spell: Lee's Rapid Deconstruction
 14085 | Lair:2   | Got a shimmering plate armour
 14118 | Lair:2   | Found a hole to the Spider Nest.
 14352 | Lair:3   | Noticed Kirke
 14397 | Lair:3   | Mangled by a cane toad

Skill      XL: |  1  2  3  4  5  6  7  8  9 10 11 12 |
---------------+-------------------------------------+-----
Spellcasting   | 5 6 7 8 9 |  9.4
Invocations    | 1 2 3 4 5 6 7 8 |  8.6
Short Blades   | 1 2 3 4 5 6 7 |  7.9
Axes           | 1 2 3 4 5 6 7 |  7.9
Maces & Flails | 1 2 3 4 5 6 7 |  7.9
Polearms       | 1 2 3 4 5 6 7 |  7.9
Staves         | 1 2 3 4 5 6 7 |  7.9
Slings         | 1 2 3 4 5 6 7 |  7.9
Bows           | 1 2 3 4 5 6 7 |  7.9
Crossbows      | 1 2 3 4 5 6 7 |  7.9
Throwing       | 1 2 3 4 5 6 7 |  7.9
Armour         | 1 2 3 4 5 6 7 |  7.9
Stealth        | 1 2 3 4 5 6 7 |  7.9
Shields        | 1 2 3 4 5 6 7 |  7.9
Unarmed Combat | 1 2 3 4 5 6 7 |  7.9
Evocations     | 1 2 3 4 5 6 7 |  7.9
Conjurations   | 1 2 3 4 5 6 |  6.5
Hexes          | 1 2 3 4 5 6 |  6.5
Charms         | 1 2 3 4 5 6 |  6.5
Summonings     | 1 2 3 4 5 6 |  6.5
Necromancy     | 1 2 3 4 5 6 |  6.5
Translocations | 1 2 3 4 5 6 |  6.5
Transmutations | 1 2 3 4 5 6 |  6.5
Fire Magic     | 1 2 3 4 5 6 |  6.5
Ice Magic      | 1 2 3 4 5 6 |  6.5
Air Magic      | 1 2 3 4 5 6 |  6.5
Earth Magic    | 1 2 3 4 5 6 |  6.5
Poison Magic   | 1 2 3 4 5 6 |  6.5
Fighting       | 7 8 9 10 | 10.2
Long Blades    | 7 8 9 10 | 10.2
Dodging        | 7 8 9 10 | 10.2

Action                   |  1- 3 |  4- 6 |  7- 9 | 10-12 | 13-15 || total
-------------------------+-------+-------+-------+-------+-------++-------
Melee: Long sword        |    89 |       |    83 |       |       ||   172
       Bite              |    12 |    14 |    37 |    84 |     4 ||   151
       Spear             |    10 |   177 |    62 |       |       ||   249
       Punch             |       |     1 |     3 |    14 |     2 ||    20
       Dire flail        |       |       |    35 |    34 |       ||    69
       Dagger            |       |       |    20 |       |       ||    20
       Whip              |       |       |     1 |       |       ||     1
       Falchion          |       |       |   203 |    23 |       ||   226
       Mace              |       |       |       |   441 |    33 ||   474
       Great sword       |       |       |       |     5 |       ||     5
       Unarmed           |       |       |       |       |    28 ||    28
Throw: Tomahawk          |       |     1 |     8 |     1 |       ||    10
 Cast: Sandblast         |       |    12 |    56 |    12 |       ||    80
       Mephitic Cloud    |       |       |    12 |    43 |     3 ||    58
       Iskenderun's Batt |       |       |     2 |     1 |       ||     3
       Airstrike         |       |       |       |     9 |       ||     9
       Summon Scorpions  |       |       |       |     2 |       ||     2
       Venom Bolt        |       |       |       |     2 |     1 ||     3
 Abil: Blink             |       |       |       |     1 |       ||     1
  Use: Potion            |       |     1 |     5 |     2 |     3 ||    11
       Scroll            |       |       |     3 |    10 |     1 ||    14
 Stab: Sleeping          |     1 |     1 |     5 |    11 |       ||    18
       Confused          |       |       |     6 |    18 |       ||    24
       Paralysed         |       |       |     1 |       |       ||     1
       Petrified         |       |       |       |     1 |       ||     1
       Distracted        |       |       |       |     1 |       ||     1
  Eat: Chunk             |       |     6 |    12 |    15 |     1 ||    34
       Ration            |       |       |     1 |     3 |       ||     4
Armor: Steam dragon scal |    33 |    31 |    62 |   155 |    11 ||   292
Dodge: Dodged            |    73 |   103 |   282 |   488 |    61 ||  1007
Block: Other             |     2 |       |    16 |    46 |    14 ||    78
       Reflection        |       |       |       |     2 |       ||     2
